 Dungeon Sprint DCSS version 0.26-a0-651-gb41185065b (webtiles) character file.

Game seed: 6672526908869441564

325 sahdkjhfkaj the Martial Artist (level 6, -8/51 HPs)
             Began as a Gnoll Transmuter on Sept 28, 2020.
             Was a Priest of Sif Muna.
             Killed by divine providence
             ... invoked by an orc priest
              (16 damage)
             ... in the Dungeon (Sprint VII: "The Pits").
             The game lasted 00:01:27 (866 turns).

sahdkjhfkaj the Martial Artist (Gnoll Transmuter)    Turns: 866, Time: 00:01:28

Health: -8/51      AC:  2    Str: 14    XL:     6   Next: 48%
Magic:  15/15      EV: 16    Int: 16    God:    Sif Muna [***...]
Gold:   0          SH:  0    Dex: 15    Spells: 12/18 levels left

rFire    . . .     SeeInvis .     - Unarmed
rCold    . . .     Faith    .   (no shield)
rNeg     . . .     Spirit   .   a - +0 robe
rPois    .         Reflect  .   (no helmet)
rElec    .         Harm     .   (no cloak)
rCorr    .         Rampage  .   (no gloves)
MR       .....     NoTele   +   (no boots)
Stlth    +++.......             (no amulet)
HPRegen  0.17/turn              (no ring)
MPRegen  0.14/turn              (no ring)

@: no status effects
A: distributed training, fangs 1, strong nose
a: Channel Magic, Forget Spell, Renounce Religion


You were in the Dungeon.
You worshipped Sif Muna.
Sif Muna was most pleased with you.
You visited 1 branch

Inventory:

Armour
 a - a +0 robe (worn)
Scrolls
 h - a scroll of blinking
 i - 3 scrolls of remove curse
 j - 5 scrolls of amnesia
 k - a scroll of summoning
 l - 2 scrolls of vulnerability
Potions
 b - 2 potions of invisibility
 c - 6 potions of curing
 d - 6 potions of heal wounds
 e - a potion of haste
 f - 4 potions of magic
 g - 3 potions of berserk rage


   Skills:
 + Level 5.3 Fighting
 + Level 4.5 Short Blades
 + Level 4.5 Long Blades
 + Level 4.5 Axes
 + Level 4.5 Maces & Flails
 + Level 4.5 Polearms
 + Level 4.5 Staves
 + Level 4.5 Slings
 + Level 4.5 Bows
 + Level 4.5 Crossbows
 + Level 4.5 Throwing
 + Level 4.5 Armour
 + Level 6.5 Dodging
 + Level 4.5 Stealth
 + Level 4.5 Shields
 + Level 8.1 Unarmed Combat
 + Level 6.8 Spellcasting
 + Level 3.8 Conjurations
 + Level 3.8 Hexes
 + Level 3.8 Summonings
 + Level 3.8 Necromancy
 + Level 3.8 Translocations
 + Level 5.4 Transmutations
 + Level 3.8 Fire Magic
 + Level 3.8 Ice Magic
 + Level 3.8 Air Magic
 + Level 3.8 Earth Magic
 + Level 3.8 Poison Magic
 + Level 5.0 Invocations
 + Level 4.5 Evocations


You had 12 spell levels left.
You knew the following spells:

 Your Spells              Type           Power        Failure   Level
a - Beastly Appendage     Tmut           ###...       1%          1
A - Blade Hands           Tmut           ###.......   36%         5

Your spell library contained the following spells:

 Spells                   Type           Power        Failure   Level
 Wereblood                Tmut           ###.....     1%          2
 Spider Form              Tmut/Pois      ###.......   5%          3
 Ice Form                 Ice/Tmut       ###.....     19%         4


Dungeon Overview and Level Annotations

Branches:
Dungeon (1/1)

Altars:
Ashenzari
Cheibriados
Dithmenos
Elyvilon
Fedhas
Gozag
Hepliaklqana
Kikubaaqudgha
Makhleb
Nemelex Xobeh
Okawaru
Qazlal
Ru
Sif Muna
Trog
Uskayaw
Vehumet
Wu Jian
Xom
Yredelemnul
Zin
The Shining One
Beogh
Jiyva
Lugonu


Innate Abilities, Weirdness & Mutations

Your experience applies equally to all skills.
You have very sharp teeth.
Your uncanny sense of smell can sniff out nearby items.


Message History

There's nothing to close nearby.
There's nothing to close nearby.
There's nothing to close nearby.
There's nothing to close nearby.
There's nothing to close nearby.
There's nothing to close nearby.
There's nothing to close nearby.
There's nothing to close nearby.
Unknown command.
A gnoll opens the door.
You close the door.
A gnoll opens the door.
You close the door.
A gnoll opens the door.
You close the door.
A gnoll opens the door.
You close the door.
A gnoll opens the door.
You close the door.
A gnoll opens the door.
You close the door.
A gnoll opens the door.
You close the door.
A gnoll opens the door.
The orc priest invokes the aid of Beogh against you.
Beogh smites you!
You die...

############ #_________.#
#_________.#
#_______...###########++# #
##########'##..............
#..(.')))'.##......#..#....
##########g##..............
#.g...gggogg'@....)........
#o#####o#####......#..#....
#.#.....#..##............ .
#g#.....#))#####'#####++##
#g###'###))##.......#
#.#.....#))##.......#
#g#.....#[[##.......#
#o####'##'###...<...#
#†#........##.......#


You could see a gnoll shaman, an orc priest, 5 gnolls and an orc.

Vanquished Creatures
  A porcupine (D)
  A floating eye (D)
  A gnoll sergeant (D)
  An orc priest (D)
  A gnoll (D)
  An adder (D)
  An ufetubus (D)
  A leopard gecko (D)
  3 orcs (D)
  A hobgoblin (D)
  A jackal (D)
13 creatures vanquished.

Notes
Turn   | Place    | Note
-------+----------+-------------------------------------------
     0 | D        | sahdkjhfkaj the Gnoll Transmuter began the quest for the
                  | Orb.
     0 | D        | Reached XP level 1. HP: 17/17 MP: 6/6
    34 | D        | Found a bloodstained altar of Trog.
    34 | D        | Found a shimmering blue altar of Sif Muna.
    34 | D        | Found a viscous altar of Jiyva.
    34 | D        | Found a hazy altar of Hepliaklqana.
    34 | D        | Found an opulent altar of Gozag.
    35 | D        | Found a glowing golden altar of the Shining One.
    35 | D        | Found a glowing silver altar of Zin.
    35 | D        | Found a basalt altar of Yredelemnul.
    35 | D        | Found a shimmering altar of Xom.
    35 | D        | Found an ornate altar of the Wu Jian Council.
    35 | D        | Found a sacrificial altar of Ru.
    35 | D        | Found a stormy altar of Qazlal.
    35 | D        | Found an iron altar of Okawaru.
    35 | D        | Found a sparkling altar of Nemelex Xobeh.
    35 | D        | Found a burning altar of Makhleb.
    35 | D        | Found a blossoming altar of Fedhas.
    35 | D        | Found a white marble altar of Elyvilon.
    35 | D        | Found a shadowy altar of Dithmenos.
    35 | D        | Found a snail-covered altar of Cheibriados.
    36 | D        | Found a radiant altar of Vehumet.
    36 | D        | Found a corrupted altar of Lugonu.
    36 | D        | Found a roughly hewn altar of Beogh.
    37 | D        | Found an ancient bone altar of Kikubaaqudgha.
    37 | D        | Found a hide-covered altar of Uskayaw.
    37 | D        | Found a broken altar of Ashenzari.
    44 | D        | Became a worshipper of Sif Muna the Loreminder
    76 | D        | Reached skill level 1 in Short Blades
    76 | D        | Reached skill level 1 in Long Blades
    76 | D        | Reached skill level 1 in Axes
    76 | D        | Reached skill level 1 in Maces & Flails
    76 | D        | Reached skill level 1 in Polearms
    76 | D        | Reached skill level 1 in Staves
    76 | D        | Reached skill level 1 in Slings
    76 | D        | Reached skill level 1 in Bows
    76 | D        | Reached skill level 1 in Crossbows
    76 | D        | Reached skill level 1 in Throwing
    76 | D        | Reached skill level 1 in Armour
    76 | D        | Reached skill level 1 in Stealth
    76 | D        | Reached skill level 1 in Shields
    76 | D        | Reached skill level 5 in Spellcasting
    76 | D        | Reached skill level 1 in Conjurations
    76 | D        | Reached skill level 1 in Hexes
    76 | D        | Reached skill level 1 in Summonings
    76 | D        | Reached skill level 1 in Necromancy
    76 | D        | Reached skill level 1 in Translocations
    76 | D        | Reached skill level 1 in Fire Magic
    76 | D        | Reached skill level 1 in Ice Magic
    76 | D        | Reached skill level 1 in Air Magic
    76 | D        | Reached skill level 1 in Earth Magic
    76 | D        | Reached skill level 1 in Poison Magic
    76 | D        | Reached skill level 1 in Invocations
    76 | D        | Reached skill level 1 in Evocations
    76 | D        | Reached XP level 2. HP: 23/23 MP: 6/8
   100 | D        | Reached * piety under Sif Muna
   106 | D        | Reached XP level 3. HP: 16/29 MP: 7/9
   250 | D        | Noticed a floating eye
   250 | D        | Noticed a porcupine
   257 | D        | Killed a porcupine
   257 | D        | Reached skill level 5 in Dodging
   257 | D        | Reached skill level 7 in Unarmed Combat
   257 | D        | Reached XP level 4. HP: 2/37 MP: 10/12
   257 | D        | Reached XP level 5. HP: 3/42 MP: 10/13
   540 | D        | Learned a level 5 spell: Blade Hands
   543 | D        | Paralysed by a floating eye for 4 turns
   547 | D        | Killed a floating eye
   547 | D        | Reached ** piety under Sif Muna
   547 | D        | Reached skill level 5 in Transmutations
   547 | D        | Reached XP level 6. HP: 50/50 MP: 8/15
   819 | D        | Reached skill level 5 in Fighting
   819 | D        | Reached skill level 8 in Unarmed Combat
   821 | D        | Reached *** piety under Sif Muna
   825 | D        | Reached skill level 5 in Invocations
   828 | D        | HP: 1/51 [orc priest/divine providence (14)]
   866 | D        | Killed from afar by an orc priest

Illustrated notes

Levels and vault maps discovered:
D:        pitsprint [storerooms_1, entrance_room_1, metal_vault_6, armoury_3,
          mini_pit_1, grid_room_1, main_hall_1, silver_pit, the_coven_1,
          the_vestibule_1, steel_vault_1, golden_pit, hallway_of_sentries,
          crystal_vault_5, iron_vault_3, final_vault]

Skill      XL: |  1  2  3  4  5  6 |
---------------+-------------------+-----
Short Blades   | 1 3 4 |  4.5
Long Blades    | 1 3 4 |  4.5
Axes           | 1 3 4 |  4.5
Maces & Flails | 1 3 4 |  4.5
Polearms       | 1 3 4 |  4.5
Staves         | 1 3 4 |  4.5
Slings         | 1 3 4 |  4.5
Bows           | 1 3 4 |  4.5
Crossbows      | 1 3 4 |  4.5
Throwing       | 1 3 4 |  4.5
Armour         | 1 3 4 |  4.5
Stealth        | 1 3 4 |  4.5
Shields        | 1 3 4 |  4.5
Spellcasting   | 5 6 |  6.8
Conjurations   | 1 2 3 |  3.8
Hexes          | 1 2 3 |  3.8
Summonings     | 1 2 3 |  3.8
Necromancy     | 1 2 3 |  3.8
Translocations | 1 2 3 |  3.8
Fire Magic     | 1 2 3 |  3.8
Ice Magic      | 1 2 3 |  3.8
Air Magic      | 1 2 3 |  3.8
Earth Magic    | 1 2 3 |  3.8
Poison Magic   | 1 2 3 |  3.8
Invocations    | 1 2 3 4 5 |  5.0
Evocations     | 1 3 4 |  4.5
Fighting       | 3 4 5 |  5.3
Transmutations | 4 5 |  5.4
Dodging        | 5 6 |  6.5
Unarmed Combat | 7 8 |  8.1

Action                   |  1- 3 |  4- 6 || total
-------------------------+-------+-------++-------
Melee: Unarmed           |    17 |    11 ||    28
       Kick              |     6 |       ||     6
       Bite              |     2 |     1 ||     3
       Punch             |     1 |       ||     1
 Cast: Beastly Appendage |     6 |       ||     6
       Blade Hands       |       |     2 ||     2
 Stab: Sleeping          |     1 |       ||     1
Armor: Robe              |     2 |       ||     2
Dodge: Dodged            |    12 |    12 ||    24

Table legend: (Time is in decaauts)
 A = Elapsed time spent in this place.
 B = Non-inter-level travel time spent in this place.
 C = Inter-level travel time spent in this place.
 D = Time resting spent in this place.
 E = Time spent auto-exploring this place.
 F = Levels seen in this place.
 G = Mean time per level.
                   A        B        C        D        E       F      G
               +--------+--------+--------+--------+--------+-----+--------+
         Total |    862 |    841 |     21 |    624 |      0 |   1 |  862.0 |
       Dungeon |    862 |    841 |     21 |    624 |      0 |   1 |  862.0 |
               +--------+--------+--------+--------+--------+-----+--------+

Top non-repeatable levels by time:
       D: 862 daAuts
